AoeStats
← itsdebbie

Arabia

509697680Analyzed
3v3 RM · 4d ago on Sep 27, 2026· 58m 53s· 6 players
Game mode
Random Map
Map size
Normal (6 player)
Population
200
Speed
Normal
Resources
Standard
Victory
Conquest
Starting age
Dark Age
Ending age
Imperial Age
RankedLock teamsTeams togetherTeam positionsShared explorationLock speedFull tech treeHidden civsTurbo modeCheats
Victory
Defeat
🇫🇷 Varangians · France
861
+15
🇩🇪 Romans · Germany
821
+17
🇩🇪 Saxons · Germany
808
+18
🇺🇸 Armenians · United States
906
-19
🇺🇸 Magyars · United States
892
-19
🇧🇷 Huns · Brazil
733
-12
Iceman
1:56 Loom
11:31 Feudal Age
12:11 Double-Bit Axe
12:16 Horse Collar
23:30 Castle Age
22:01 Stone Mining
22:03 Gold Mining
22:43 Town Watch
24:22 Fletching
24:32 Padded Archer Armor
24:43 Pikeman
30:38 Bodkin Arrow
31:25 Murder Holes
32:06 Leather Archer Armor
36:23 Ballistics
40:40 Imperial Age
39:37 Treadmill Crane
40:08 Masonry
40:49 Thumb Ring
43:34 Cranequins
45:23 Town Patrol
46:02 Wheelbarrow
46:31 Chemistry
46:02 Architecture
45:35 Scale Mail Armor
45:45 Forging
49:40 Hand Cart
49:58 Ring Archer Armor
49:29 Bracer
49:34 Scale Barding Armor
49:45 Chain Mail Armor
50:05 Iron Casting
52:25 Chain Barding Armor
55:21 Heavy Mounted Crossbowman
58:35 Plate Mail Armor
lukytower
11:21 Feudal Age
11:58 Double-Bit Axe
11:57 Horse Collar
14:18 Loom
22:45 Castle Age
21:10 Fletching
22:53 Scale Barding Armor
23:42 Bow Saw
23:47 Heavy Plow
25:44 Bodkin Arrow
27:56 Pikeman
37:09 Imperial Age
37:49 Wheelbarrow
40:55 Heavy Scorpion
40:59 Halberdier
42:06 Hand Cart
41:56 Scale Mail Armor
42:18 Chain Barding Armor
44:31 Squires
44:47 Ballistas
45:03 Conscription
45:58 Chain Mail Armor
46:05 Ballistics
46:46 Chemistry
45:54 Siege Engineers
45:46 Murder Holes
46:02 Masonry
55:20 Onager
57:01 Architecture
56:45 Fortified Wall
greatmaetzchen
5:48 Loom
11:18 Feudal Age
11:50 Double-Bit Axe
15:03 Horse Collar
18:40 Castle Age
19:05 Stone Mining
19:37 Forging
20:01 Bow Saw
19:55 Heavy Plow
23:16 Wheelbarrow
23:23 Scale Barding Armor
24:11 Gold Mining
26:18 Bloodlines
27:21 Iron Casting
28:03 Husbandry
28:59 Chain Barding Armor
28:04 Light Cavalry
31:31 Hand Cart
37:50 Imperial Age
39:02 Stone Shaft Mining
39:01 Crop Rotation
38:26 Town Watch
39:03 Elite Jarl
40:48 Blast Furnace
42:08 Hussar
44:46 Chemistry
44:09 Ballistics
44:50 Chemistry
43:56 Siege Engineers
44:02 Masonry
44:07 Town Patrol
46:45 Murder Holes
47:53 Two-Man Saw
49:10 Plate Barding Armor
48:26 Fletching
BloodTearss
8:31 Loom
12:02 Feudal Age
12:13 Pikeman
13:56 Horse Collar
16:38 Wheelbarrow
16:03 Gold Mining
16:06 Stone Mining
21:41 Castle Age
20:21 Fletching
20:22 Double-Bit Axe
22:58 Wheelbarrow
23:52 Bodkin Arrow
23:58 Padded Archer Armor
25:34 Bow Saw
26:01 Leather Archer Armor
26:29 Town Watch
29:46 Scale Mail Armor
32:04 Ballistics
33:08 Fortified Wall
32:54 Murder Holes
33:09 Masonry
34:54 Gold Shaft Mining
41:53 Imperial Age
44:06 Chemistry
42:35 Elite Composite Bowman
44:37 Elite Skirmisher
56:32 Halberdier
itsdebbie
12:15 Feudal Age
12:16 Loom
15:13 Wheelbarrow
14:25 Town Watch
18:17 Double-Bit Axe
24:24 Castle Age
26:31 Bow Saw
27:40 Hand Cart
27:26 Town Patrol
28:52 Husbandry
29:22 Horse Collar
29:58 Padded Archer Armor
29:51 Fletching
34:19 Husbandry
34:31 Bloodlines
34:41 Leather Archer Armor
34:23 Bodkin Arrow
34:29 Gold Mining
39:14 Scale Barding Armor
42:12 Gold Shaft Mining
41:28 Stone Mining
43:22 Marauders
46:05 Imperial Age
49:27 Chain Barding Armor
49:09 Bracer
51:21 Cavalier
53:27 Ballistics
53:31 Paladin
Fryy
6:28 Loom
10:12 Feudal Age
12:24 Scale Barding Armor
22:04 Double-Bit Axe
22:00 Horse Collar
25:30 Castle Age
27:35 Bow Saw
27:19 Gold Mining
27:50 Stone Mining
30:06 Wheelbarrow
29:40 Heavy Plow
31:05 Wheelbarrow
34:41 Gold Shaft Mining
35:15 Corvinian Army
36:05 Ballistics
35:17 Crossbowman
38:13 Bloodlines
39:14 Chain Barding Armor
44:38 Hand Cart
50:31 Light Cavalry
54:54 Imperial Age
55:09 Hussar
Connection lost

Rejoining the realm…

Still unreachable

The connection could not be restored.

Session expired

The server has moved on; the page needs a fresh start.